 Dungeon Crawl Stone Soup version 0.28.0 (webtiles) character file.

Game seed: 8458155165432593254

800 fragbeetle the Spear-Bearer (level 7, 0/50 HPs)
             Began as a Demonspawn Gladiator on Feb 12, 2022.
             Was a Follower of Makhleb.
             Slain by Ijyb (5 damage)
             ... on level 5 of the Dungeon on Feb 13, 2022.
             The game lasted 00:06:09 (3879 turns).

fragbeetle the Spear-Bearer (Demonspawn Gladiator)  Turns: 3879, Time: 00:06:09

Health: 0/50       AC: -3    Str: 16    XL:     7   Next: 59%
Magic:  7/7        EV: 11    Int:  9    God:    Makhleb [*.....]
Gold:   243        SH:  0    Dex: 15    Spells: 6/6 levels left

rFire   . . .      SeeInvis .   a - +0 trident
rCold   . . .      Faith    .   (no shield)
rNeg    . . .      Spirit   .   r - +0 ring mail of Geah {Regen+ rCorr Stlth-}
rPois   .          Reflect  .   (helmet restricted)
rElec   .          Harm     .   h - scarf {+Inv}
rCorr   +          Rampage  .   (no gloves)
Will    .....                   (no boots)
Stlth   ..........              g - amulet of magic regeneration
HPRegen 0.96/turn               (no ring)
MPRegen 0.50/turn               (no ring)

@: corroded
A: claws 2, horns 1, powered by death 2
a: Renounce Religion, Evoke Invisibility


You were on level 5 of the Dungeon.
You worshipped Makhleb.
Makhleb was aware of your devotion.
You visited 1 branch of the dungeon, and saw 5 of its levels.

You collected 243 gold pieces.

Inventory:

Hand Weapons
 a - a +0 trident (weapon)
Missiles
 d - 3 throwing nets (quivered)
 n - 8 javelins
 s - 11 poisoned darts
Armour
 c - a +0 helmet
 h - a scarf of invisibility (worn)
 r - the +0 ring mail of Geah (worn) {Regen+ rCorr Stlth-}
   (You found it on level 4 of the Dungeon)

   Regen:     It increases your rate of health regeneration.
   rCorr:     It protects you from acid and corrosion.
   Stlth:     It makes you less stealthy.
 w - a +0 plate armour
Jewellery
 g - an amulet of magic regeneration (around neck)
 q - a +6 ring of strength
Wands
 p - a wand of iceblast (11)
 x - a wand of mindburst (10)
Scrolls
 b - 2 scrolls of vulnerability {unknown}
 e - 2 scrolls of holy word {unknown}
 i - 2 scrolls of teleportation {unknown}
 j - 6 scrolls of identify {unknown}
 k - 2 scrolls of enchant armour {unknown}
 l - 2 scrolls of fog {unknown}
 m - 2 scrolls of magic mapping {unknown}
Potions
 f - 3 potions of curing {unknown}
 o - a potion of ambrosia {unknown}
 t - a potion of degeneration {unknown}
 u - a potion of attraction {unknown}
 v - a potion of might {unknown}
 z - a potion of heal wounds {unknown}


   Skills:
 - Level 2.0 Fighting
 * Level 8.3 Polearms
 - Level 1.7 Throwing
 - Level 2.6 Dodging


You had 6 spell levels left.
You didn't know any spells.
Your spell library contained the following spells:

 Spells                   Type           Power      Damage    Failure   Level
 Sting                    Tmut/Pois      0%         1d3       61%         1
 Ensorcelled Hibernation  Hex/Ice        0%         N/A       75%         2
 Passwall                 Tmut/Erth      0%         N/A       75%         2
 Poisonous Vapours        Pois/Air       0%         N/A       75%         2
 Swiftness                Air            0%         N/A       93%         3
 Olgreb's Toxic Radiance  Pois           0%         N/A       100%        4
 Freezing Cloud           Conj/Ice/Air   0%         6-21      100%        5
 Simulacrum               Ice/Necr       0%         N/A       100%        6
 Polar Vortex             Ice            0%         N/A       100%        9


Dungeon Overview and Level Annotations

Branches:
Dungeon (5/15)
 Temple: D:4-7

Altars:
Fedhas
Gozag
Makhleb
Sif Muna
Yredelemnul

Annotations:
D:5 Ijyb


Innate Abilities, Weirdness & Mutations

You have very sharp fingernails.
You have a pair of small horns on your head.
You regenerate health from kills.


Message History

Ijyb zaps a wand.
The bolt of acid hits you. You resist.
You reach to attack!
You closely miss Ijyb. You closely miss Ijyb.
Ijyb zaps a wand.
The bolt of acid hits you! You resist. The acid corrodes you!
You barely miss Ijyb. Your headbutt misses Ijyb. Your claw misses Ijyb.
Ijyb zaps a wand.
The bolt of acid hits you! You resist. The acid corrodes you!
You are too injured to fight recklessly!
You hit Ijyb.
Ijyb is lightly wounded.
Ijyb zaps a wand.
The bolt of acid hits you! You resist.
* * * LOW HITPOINT WARNING * * *
You closely miss Ijyb.
Ijyb is lightly wounded.
You barely miss Ijyb. You headbutt Ijyb, but do no damage.
Ijyb is lightly wounded.
Ijyb screams, "Die!"
Ijyb barely misses you.
You closely miss Ijyb.
Ijyb is lightly wounded.
Ijyb hits you with a +0 dagger.
* * * LOW HITPOINT WARNING * * *
You hit Ijyb but do no damage. You claw Ijyb, but do no damage.
Ijyb is lightly wounded.
Ijyb hits you with a +0 dagger.
* * * LOW HITPOINT WARNING * * *
You closely miss Ijyb.
Ijyb is lightly wounded.
Ijyb zaps a wand.
The bolt of acid misses you.
The now-empty wand crumbles to dust.
You hit Ijyb.
Ijyb is lightly wounded.
Ijyb closely misses you.
You hit Ijyb but do no damage. You headbutt Ijyb, but do no damage.
Ijyb is lightly wounded.
Ijyb hits you with a +0 dagger.
* * * LOW HITPOINT WARNING * * *
You hit Ijyb but do no damage.
Ijyb is lightly wounded.
Ijyb hits you with a +0 dagger.
You die...

..........
#.....#..........
+.....#..........
#.....#..........
#.....#..........
#.....+ .........
#.....# ..##....#
######g....###+##....#
#....@.....#..........
#.....)....#..........
#..........#..........
#..........#.........#
#..........#...##....#
#.....######...##....#
#.....#.........#.....
#.....#.........#.....
#.....#.........#.....


You could see Ijyb.

Vanquished Creatures
  2 necrophages
  3 phantoms
  A scorpion (D:5)
  A howler monkey (D:4)
  A wight (D:4)
  2 hounds
  An orc priest (D:5)
  An iguana (D:4)
  A hound zombie (D:4)
  4 adders
  A gnoll (D:4)
  An adder skeleton (D:4)
  3 dart slugs
  5 orcs
  9 endoplasms
  4 giant cockroaches
  8 hobgoblins
  3 jackals (D:2)
  4 quokkas
  4 ball pythons
  5 bats
  2 frilled lizards (D:1)
  8 goblins
  7 kobolds
  5 rats
86 creatures vanquished.

Notes
Turn   | Place    | Note
-------+----------+-------------------------------------------
     0 | D:1      | fragbeetle the Demonspawn Gladiator began the quest for the
                  | Orb.
     0 | D:1      | Reached XP level 1. HP: 16/16 MP: 1/1
    34 | D:1      | Reached skill level 3 in Polearms
   468 | D:1      | Gained mutation: You regenerate a little health from kills.
                  | [demonic ancestry]
   468 | D:1      | Reached XP level 2. HP: 13/22 MP: 2/2
   954 | D:1      | Found a faded altar of an unknown god.
  1184 | D:2      | Reached XP level 3. HP: 27/27 MP: 3/3
  1201 | D:2      | Reached skill level 4 in Polearms
  1336 | D:2      | Noticed a necrophage
  1346 | D:2      | Killed a necrophage
  1347 | D:2      | Reached skill level 5 in Polearms
  1347 | D:2      | Gained mutation: You regenerate health from kills. [demonic
                  | ancestry]
  1347 | D:2      | Reached XP level 4. HP: 9/33 MP: 4/4
  1560 | D:2      | Discovered your monstrous ancestry.
  1560 | D:2      | Gained mutation: You have sharp fingernails. [demonic
                  | ancestry]
  1560 | D:2      | Reached XP level 5. HP: 38/38 MP: 5/5
  2225 | D:3      | Found a burning altar of Makhleb.
  2234 | D:3      | Found a shimmering blue altar of Sif Muna.
  2234 | D:3      | Found an opulent altar of Gozag.
  2360 | D:3      | Became a worshipper of Makhleb the Destroyer
  2654 | D:4      | Noticed a phantom
  2748 | D:4      | Identified the +0 ring mail of Geah {Regen+ rCorr Stlth-}
  2927 | D:4      | Killed a phantom
  2928 | D:4      | Reached skill level 6 in Polearms
  2928 | D:4      | Gained mutation: You have very sharp fingernails. [demonic
                  | ancestry]
  2928 | D:4      | Reached XP level 6. HP: 29/44 MP: 6/6
  3182 | D:4      | Reached skill level 7 in Polearms
  3358 | D:4      | Gained mutation: You have a pair of small horns on your
                  | head. [demonic ancestry]
  3358 | D:4      | Reached XP level 7. HP: 46/50 MP: 7/7
  3496 | D:4      | Found a basalt altar of Yredelemnul.
  3533 | D:4      | Found a blossoming altar of Fedhas.
  3671 | D:5      | Entered Level 5 of the Dungeon
  3699 | D:5      | Reached skill level 8 in Polearms
  3777 | D:5      | Reached * piety under Makhleb
  3861 | D:5      | Noticed Ijyb
  3879 | D:5      | Slain by Ijyb

Illustrated notes

Levels and vault maps discovered:
D:1:      dpeg_arrival_central, layout_rooms, basic_ecumenical_altar
D:2:      layout_loops_ring
D:3:      minmay_door_path, layout_rooms, minitemple
D:4:      cheibrodos_helix_gallery, layout_basic, mainiacjoe_overflow_two_lobes,
          minmay_temple_entry_from_below_a, minmay_small_thing
D:5:      layout_gridville, saegor_snake_ambush, uniq_ijyb

Skill      XL: |  1  2  3  4  5  6  7 |
---------------+----------------------+-----
Polearms       | 3 5 6 7 8 |  8.3
Fighting       | |  2.0
Throwing       | |  1.7
Dodging        | |  2.6

Action                   |  1- 3 |  4- 6 |  7- 9 || total
-------------------------+-------+-------+-------++-------
Melee: Trident           |   109 |   190 |    65 ||   364
       Punch             |     5 |     2 |     1 ||     8
       Headbutt          |       |       |     8 ||     8
Armor: Leather armour    |     6 |       |       ||     6
       Scale mail        |    23 |    31 |       ||    54
       Ring mail         |       |    36 |    10 ||    46
Dodge: Dodged            |    32 |    92 |    18 ||   142
